 Dungeon Crawl Stone Soup version 0.17-a0-1850-g688e747 (webtiles) character file.

15437 MikeDS the Basher (level 12, -1/107 HPs)
             Began as a Minotaur Fighter on Sept 18, 2015.
             Was a High Priest of Okawaru.
             Slain by a blink frog (5 damage)
             ... on level 4 of the Lair of Beasts on Sept 19, 2015.
             The game lasted 01:48:20 (15254 turns).

MikeDS the Basher (Minotaur Fighter)               Turns: 15254, Time: 01:48:20

Health: -1/107     AC: 13    Str: 31    XL:     12   Next: 1%
Magic:  13/14      EV: 11    Int:  8    God:    Okawaru [*****.]
Gold:   422        SH:  0    Dex: 11    Spells: 0 memorised, 13 levels left

rFire  . . .     SeeInvis .     a - +1 morningstar "Vokli" {freeze, MR+ Str+3}
rCold  . . .     Clarity  .     q - +0 chain mail
rNeg   + . .     SustAt   .     (no shield)
rPois  +         Gourm    .     (helmet restricted)
rElec  .         Spirit   .     B - +0 cloak
rCorr  .         Warding  +     C - +0 pair of gloves
rMut   .         Stasis   .     (no boots)
MR     +....                    T - amulet of warding
Stlth  ..........               o - ring of poison resistance
                                h - +6 ring of strength

@: heroism, corroded equipment, somewhat resistant to hostile enchantments,
extremely unstealthy
A: retaliatory headbutt, horns 2
a: Heroism, Finesse, Renounce Religion


You were on level 4 of the Lair of Beasts.
You worshipped Okawaru.
Okawaru was extremely pleased with you.
You were full.

You visited 4 branches of the dungeon, and saw 16 of its levels.

You collected 662 gold pieces.
You spent 240 gold pieces at shops.

Inventory:

Hand weapons
 a - the +1 morningstar "Vokli" (weapon) {freeze, MR+ Str+3}
   (Okawaru gifted it to you on level 2 of the Lair of Beasts)

   It has been specially enchanted to freeze those struck by it, causing extra
   injury to most foes and up to half again as much damage against particularly
   susceptible opponents.
   It can also slow down cold-blooded creatures.
   It affects your strength (+3).
   It affects your resistance to hostile enchantments.
 b - a +2 shortbow of evasion
 m - a +4 whip of draining
 I - a +0 war axe
 P - the +4 glaive of Dywi {chop, rElec rC+ Str-4}
   (Okawaru gifted it to you on level 3 of the Lair of Beasts)

   It inflicts extra damage upon your enemies.
   It affects your strength (-4).
   It protects you from cold.
   It insulates you from electricity.
Missiles
 l - 262 stones (quivered)
 s - 250 arrows
Armour
 c - a +0 shield
 q - a +0 chain mail (worn)
 B - a +0 cloak (worn)
 C - a +0 pair of gloves (worn)
Jewellery
 h - a +6 ring of strength (left hand)
 o - a ring of poison resistance (right hand)
 F - an uncursed amulet of rage
 T - an amulet of warding (around neck)
 U - an uncursed ring of magical power
Magical devices
 v - a wand of lightning (6)
 y - a wand of digging (11)
 E - a wand of fire (12)
 H - a wand of disintegration (20)
 K - a wand of confusion (15)
 V - a wand of polymorph (16)
Scrolls
 n - a scroll of silence {unknown}
 p - 4 scrolls of fog
 t - a scroll of recharging
 w - 4 scrolls of teleportation
 D - 3 scrolls of amnesia
 L - a scroll of remove curse
 X - a scroll of immolation
Potions
 d - 5 potions of might
 i - 2 potions of magic
 j - 5 potions of cancellation
 x - a potion of invisibility
 z - a potion of flight {unknown}
 J - 5 potions of curing
 M - a potion of degeneration {unknown}
 O - 3 potions of agility {unknown}
 Q - a potion of haste {unknown}
 R - a potion of brilliance {unknown}
 W - a potion of berserk rage
Books
 k - a book of the Dragon

   Spells                             Type                      Level
   a - Flame Tongue                   Conjuration/Fire             1
   b - Cause Fear                     Hexes                        4
   c - Bolt of Fire                   Conjuration/Fire             6
   d - Dragon Form                    Transmutation                7
   e - Dragon's Call                  Summoning                    9
 r - a book of Clouds

   Spells                             Type                      Level
   a - Mephitic Cloud                 Conjuration/Poison/Air       3
   b - Conjure Flame                  Conjuration/Fire             3
   c - Poisonous Cloud                Conjuration/Poison/Air       6
   d - Freezing Cloud                 Conjuration/Ice/Air          6
   e - Ring of Flames                 Charms/Fire                  7
Miscellaneous
 g - a disc of storms
 Z - a phantom mirror
Comestibles
 e - 7 bread rations
 f - 8 fruits
 A - a meat ration
 G - a royal jelly
 S - 5 beef jerkies
 Y - 6 slices of pizza


   Skills:
 + Level 10.4(15.4) Fighting
 - Level 10.1(17.1) Axes
 + Level 11.2(17.6) Maces & Flails
 - Level 6.5(11.5) Bows
 - Level 2.8(7.8) Throwing
 + Level 10.4(15.4) Armour
 - Level 3.6(8.6) Shields
 + Level 1.1 Spellcasting
 - Level 4.5 Invocations
 - Level 4.2 Evocations


You had 13 spell levels left.
You didn't know any spells.

Dungeon Overview and Level Annotations

Branches:
Dungeon (10/15)            Temple (1/1) D:5            Lair (4/8) D:8
    Orc (1/4) D:9
  Swamp: Lair:3-6    Shoals: Lair:3-6     Snake: Lair:3-6    Spider: Lair:3-6

Altars:
Cheibriados
Dithmenos
Gozag
Kikubaaqudgha
Makhleb
Nemelex Xobeh
Okawaru
Ru
Sif Muna
Trog
Xom
The Shining One

Shops:
D:9 }

Annotations:
D:7 Menkaure
D:10 Erica
Lair:3 exclusion: 4 oklob plants
Orc:1 Urug


Innate Abilities, Weirdness & Mutations

You reflexively headbutt those who attack you in melee.
You have a pair of horns on your head.


Message History

The blink frog blinks!
The polar bear bites you!!
* * * LOW HITPOINT WARNING * * *
The polar bear claws you but does no damage. x2
The blink frog hits you!
* * * LOW HITPOINT WARNING * * *
Drink which item? (? for menu, Esc to quit)
You feel better. The polar bear bites you!!
* * * LOW HITPOINT WARNING * * *
The polar bear claws you but does no damage.
The polar bear closely misses you. The blink frog misses you.
You furiously retaliate!
You headbutt the blink frog, but do no damage.
The polar bear bites you but does no damage.
The polar bear closely misses you.
The polar bear claws you but does no damage.
Drink which item? (? for menu, Esc to quit)
Okay, then.
The blink frog hits you but does no damage.
The blink frog blinks!
The blink frog hits you.
You die...

## ## #
#####.##.#..
###..P........
###.............
#.....P#........
......§.§.......
........F.#..).
.......@Fh......
.......F......##
.P.......######
.....#P.##
#[#..#### # ##


You could see a polar bear (berserk) and 3 blink frogs.

Vanquished Creatures
  Erolcha (D:8)
  A hydra (Lair:2)
  The ghost of nubinia the Thaumaturge, a powerful DEAE of Sif Muna (Lair:3)
  Nergalle (Lair:2)
  A black mamba (Lair:1)
  4 spiny frogs
  A komodo dragon (Lair:1)
  A fire drake (Lair:2)
  Prince Ribbit (D:8)
  3 blink frogs (Lair:3)
  14 yaks
  A human (D:9)
  Grum (D:9)
  A wyvern (D:8)
  6 hippogriffs
  An orc warrior (D:9)
  A warg (D:9)
  8 wolves
  3 porcupines
  2 sky beasts
  7 water moccasins
  Purgy (D:3)
  A slave (D:6)
  4 ice beasts
  3 phantoms (D:8)
  4 crocodiles
  7 ogres
  2 centaurs
  Blork the orc (Orc:1)
  2 big kobolds (D:9)
  A gnoll sergeant (D:9)
  9 giant frogs
  A water moccasin skeleton (D:7)
  A wyvern skeleton (D:9)
  A scorpion (D:8)
  9 wights
  2 crimson imps
  A giant frog zombie (D:5)
  5 jellies
  3 orc priests
  4 orc wizards
  3 hounds
  8 iguanas
  9 worker ants
  4 sheep (D:9)
  A worker ant zombie (D:5)
  5 gnolls (D:9)
  11 adders
  21 river rats
  3 shadow imps
  2 adder zombies
  3 worms (D:2)
  2 adder skeletons
  A giant gecko (D:2)
  16 orcs
  2 giant cockroaches
  6 hobgoblins
  4 jackals (D:7)
  17 kobolds
  3 quokkas
  13 bats
  A giant gecko skeleton (D:8)
  9 giant newts
  12 goblins
  2 quokka skeletons
  A quokka zombie (D:7)
  12 rats
293 creatures vanquished.

Vanquished Creatures (others)
  An adder (D:8)
  A fungus (D:8)
2 creatures vanquished.

Grand Total: 295 creatures vanquished

Notes
Turn   | Place    | Note
--------------------------------------------------------------
     0 | D:1      | MikeDS the Minotaur Fighter began the quest for the Orb.
     0 | D:1      | Reached XP level 1. HP: 19/19 MP: 0/0
   278 | D:1      | Reached XP level 2. HP: 26/26 MP: 1/1
   917 | D:1      | Reached skill level 4 in Axes
  1091 | D:2      | Reached XP level 3. HP: 29/31 MP: 2/2
  1519 | D:2      | Reached skill level 5 in Axes
  1658 | D:2      | Found a sacrificial altar of Ru.
  1841 | D:3      | Reached XP level 4. HP: 39/39 MP: 3/3
  1864 | D:3      | Noticed Purgy
  1898 | D:3      | Found a bloodstained altar of Trog.
  1899 | D:3      | Found a shadowy altar of Dithmenos.
  1910 | D:3      | Found a snail-covered altar of Cheibriados.
  2784 | D:5      | Entered Level 5 of the Dungeon
  2935 | D:4      | Noticed an ogre
  3258 | D:5      | Reached skill level 6 in Axes
  3318 | D:5      | Reached XP level 5. HP: 45/45 MP: 4/4
  3332 | D:5      | Noticed an ogre
  3352 | D:4      | Reached skill level 7 in Axes
  3398 | D:4      | Found a burning altar of Makhleb.
  3551 | D:3      | Killed Purgy
  3551 | D:3      | Reached skill level 8 in Axes
  3551 | D:3      | Reached XP level 6. HP: 51/51 MP: 5/5
  3874 | D:5      | Killed an ogre
  3935 | D:5      | Found a staircase to the Ecumenical Temple.
  3949 | Temple   | Entered the Ecumenical Temple
  3988 | Temple   | Became a worshipper of Warmaster Okawaru
  4111 | D:5      | Noticed a centaur
  4122 | D:5      | Killed a centaur
  4122 | D:5      | Reached skill level 9 in Axes
  4122 | D:5      | Reached XP level 7. HP: 57/57 MP: 6/6
  4163 | D:5      | Reached skill level 1 in Maces & Flails
  4280 | D:5      | Noticed a sky beast
  4295 | D:5      | Killed a sky beast
  4712 | D:6      | Reached skill level 10 in Axes
  4884 | D:6      | Acquired Okawaru's first power
  5176 | D:6      | Reached XP level 8. HP: 49/64 MP: 7/7
  5479 | D:6      | Reached skill level 5 in Maces & Flails
  5485 | D:6      | Found a glowing golden altar of the Shining One.
  5797 | D:7      | Noticed Menkaure
  6214 | D:8      | Noticed Prince Ribbit
  7325 | D:8      | Killed Prince Ribbit
  7325 | D:8      | Reached skill level 10 in Maces & Flails
  7325 | D:8      | Reached XP level 9. HP: 65/70 MP: 5/8
  7380 | D:8      | Found a staircase to the Lair.
  7427 | D:8      | Reached skill level 1 in Bows
  7733 | D:8      | Noticed Erolcha
  8009 | D:9      | Reached skill level 5 in Fighting
  8135 | D:9      | Reached skill level 5 in Armour
  8185 | D:9      | Found Gaihyn's Gadget Shoppe.
  8193 | D:9      | Bought a disc of storms for 240 gold pieces
  8979 | D:9      | Noticed Grum
  9015 | D:9      | Killed Grum
  9015 | D:9      | Reached XP level 10. HP: 63/84 MP: 9/9
  9045 | D:9      | Found a staircase to the Orcish Mines.
  9334 | D:9      | Reached skill level 1 in Throwing
  9428 | D:10     | Entered Level 10 of the Dungeon
  9428 | D:10     | Noticed a green ugly thing
  9470 | Orc:1    | Entered Level 1 of the Orcish Mines
  9472 | Orc:1    | Noticed Blork the orc
  9688 | Orc:1    | Noticed Urug
  9689 | Orc:1    | Killed Blork the orc
  9689 | Orc:1    | Reached skill level 1 in Invocations
  9814 | D:10     | Noticed Erica
  9849 | D:8      | Killed Erolcha
  9849 | D:8      | Reached skill level 1 in Evocations
 10114 | Lair:1   | Entered Level 1 of the Lair of Beasts
 10586 | Lair:1   | Noticed a black mamba
 10597 | Lair:1   | Killed a black mamba
 10597 | Lair:1   | Reached skill level 5 in Bows
 11688 | Lair:2   | Acquired Okawaru's second power
 11784 | Lair:2   | Reached XP level 11. HP: 83/95 MP: 12/12
 11888 | Lair:2   | Noticed a five-headed hydra
 11897 | Lair:2   | Killed a five-headed hydra
 13125 | Lair:2   | Received a gift from Okawaru
 13128 | Lair:2   | Got a translucent morningstar {god gift}
 13351 | Lair:2   | Identified the +1 morningstar "Vokli" {freeze, MR+ Str+3} (Okawaru gifted it to you on level 2 of the Lair of Beasts)
 13363 | Lair:3   | Noticed Nergalle
 13693 | Lair:2   | Killed Nergalle
 14110 | Lair:3   | Noticed nubinia's ghost (powerful DEAE)
 14125 | Lair:3   | Killed nubinia's ghost
 14125 | Lair:3   | Reached skill level 10 in Fighting
 14125 | Lair:3   | Reached skill level 10 in Armour
 14289 | Lair:3   | Reached skill level 11 in Maces & Flails
 14547 | Lair:3   | Received a gift from Okawaru
 14551 | Lair:3   | Got a faintly glowing glaive {god gift}
 14552 | Lair:3   | Identified the +4 glaive of Dywi {chop, rElec rC+ Str-4} (Okawaru gifted it to you on level 3 of the Lair of Beasts)
 14845 | Lair:3   | Reached skill level 1 in Spellcasting
 14929 | Lair:3   | Reached XP level 12. HP: 63/107 MP: 14/14
 15253 | Lair:4   | HP: 4/107 [polar bear (24)]
 15254 | Lair:4   | Slain by a blink frog

Vault maps used:
D:1:      dpeg_arrival_arbitrary_c
D:2:      nicolae_ru_the_path_less_chosen
D:3:      grunt_temple_overflow_open, uniq_purgy
D:4:      makhleb_blood_cavern_becter
D:5:      first_bread
D:6:      nicolae_tso_swordbearing_angel
D:7:      uniq_pikel, uniq_menkaure
D:8:      minitemple, due_lair_maze_entry_diamond, minivault_22,
          uniq_prince_ribbit1, uniq_erolcha
D:9:      orc_0_dummy, serial_shops, shop, grunt_livestock, uniq_grum
D:10:     spider_trap, hangedman_abyss_or_decor_jellyfish_corner, uniq_erica
Temple:   roderic_octagonal_lattice_temple
Lair:1:   serial_bayou_pond_e, lemuel_fruit_tree, infiniplex_staircase_pool
Lair:3:   dpeg_oklob_gauntlet, uniq_nergalle
Orc:1:    sword_in_stone, uniq_snorg

Action                   |  1- 3 |  4- 6 |  7- 9 | 10-12 || total
-------------------------+-------+-------+-------+-------++-------
Melee: War axe           |   118 |    50 |       |    22 ||   190
       Whip              |       |     4 |   459 |   292 ||   755
       Morningstar       |       |       |       |   151 ||   151
 Fire: Shortbow          |       |       |       |    53 ||    53
Throw: Stone             |       |    19 |    12 |    11 ||    42
Invok: Heroism           |       |       |     3 |     3 ||     6
       Finesse           |       |       |       |     2 ||     2
 Abil: Evoke Berserk Rag |       |     2 |       |     3 ||     5
Evoke: Wand              |       |       |       |     2 ||     2
  Use: Scroll            |     2 |     7 |     6 |     4 ||    19
       Potion            |     2 |       |     1 |     2 ||     5
  Eat: Chunk             |     3 |     2 |     5 |    14 ||    24
       Bread ration      |       |     1 |       |       ||     1
       Meat ration       |       |     1 |     1 |     2 ||     4
       Beef jerky        |       |     1 |       |       ||     1
       Fruit             |       |       |     2 |     1 ||     3
       Pizza             |       |       |       |     1 ||     1
